 Dungeon Crawl Stone Soup version 0.27.1-33-g824d729ab1 (webtiles) character file.

Game seed: 7887083402057622228

737 Destapler the Sneak (level 7, 0/41 HPs)
             Began as a Vampire Brigand on Dec 26, 2021.
             Slain by a killer bee (3 damage)
             ... on level 4 of the Dungeon on Dec 27, 2021.
             The game lasted 00:17:07 (4183 turns).

Destapler the Sneak (Vampire Brigand)               Turns: 4183, Time: 00:17:08

Health: 0/41       AC:  0    Str:  8 (10) XL:     7   Next: 46%
Magic:  6/8        EV: 21    Int: 11 (13) God:
Gold:   192        SH:  0    Dex: 21 (23) Spells: 6/6 levels left

rFire    . . .     SeeInvis +   (weapon currently unavailable)
rCold    + + .     Faith    .   (shield currently unavailable)
rNeg     + + +     Spirit   .   (armour currently unavailable)
rPois    ∞         Reflect  .   (helmet currently unavailable)
rElec    .         Harm     .   (cloak currently unavailable)
rCorr    .         Rampage  .   (gloves currently unavailable)
Will     .....                  (boots currently unavailable)
Stlth    ++++++....             (no amulet)
HPRegen  0.00/turn              (ring currently unavailable)
MPRegen  0.11/turn              (ring currently unavailable)

@: bat-form, flying, bloodless, inhibited regen, very quick
A: fast, flying, no casting, bloodless, tiny, fangs 3, see invisible, vampiric 2
a: Revivify, End Transformation


You were on level 4 of the Dungeon.
You were a vampire bat.
You visited 1 branch of the dungeon, and saw 4 of its levels.

You collected 192 gold pieces.

Inventory:

Hand Weapons
 n - a +2 dagger of speed (melded)
Missiles
 d - 18 poisoned darts
 e - a curare-tipped dart
 l - 11 boomerangs
 o - 4 javelins
Armour
 h - a +0 leather armour (melded)
 s - a +0 helmet (melded)
 t - a +0 cloak (melded)
Jewellery
 g - a +4 ring of protection (melded)
 y - an amulet of magic regeneration
Wands
 x - a wand of flame (15) (quivered)
Scrolls
 a - a scroll of fog {unknown}
 b - a scroll of brand weapon {unknown}
 i - 2 scrolls of identify {unknown}
 k - a scroll of holy word {unknown}
 m - a scroll of noise {unknown}
 q - 2 scrolls of teleportation {unknown}
 w - 2 scrolls of amnesia {unknown}
Potions
 c - 2 potions of haste {unknown}
 f - a potion of curing
 j - a potion of heal wounds
 p - a potion of lignification {unknown}
 r - 2 potions of flight {unknown}
 u - a potion of might
 v - 2 potions of attraction {unknown}


   Skills:
 - Level 3.0 Fighting
 - Level 5.0 Short Blades
 - Level 2.0 Throwing
 - Level 2.0 Armour
 - Level 3.0 Dodging
 - Level 7.0 Stealth
 + Level 2.3 Shields
 - Level 2.0 Invocations
 - Level 2.0 Evocations


You had 6 spell levels left.
You didn't know any spells.
Your spell library contained the following spells:

 Spells                   Type           Power      Damage    Failure   Level
 Animate Skeleton         Necr           0%         N/A       34%         1
 Pain                     Necr           0%         1d4       34%         1
 Sublimation of Blood     Necr           0%         N/A       47%         2
 Wereblood                Tmut           0%         N/A       47%         2
 Vampiric Draining        Necr           0%         2d6       71%         3
 Summon Hydra             Summ           0%         N/A       100%        7


Dungeon Overview and Level Annotations

Branches:
Dungeon (4/15)
 Temple: D:4-7

Altars:
Gozag


Innate Abilities, Weirdness & Mutations

You are a vampire bat.
You are tiny and dextrous.
You move quickly.
You are flying.
You are immune to poison.
Your equipment is almost entirely melded.
You are incapable of wielding weapons or throwing items.
You cannot cast spells.
You do not regenerate when monsters are visible.
You are frail without blood (-20% HP).
You can heal yourself when you bite living creatures.
You have razor-sharp teeth.
You have supernaturally acute eyesight. (SInv)
You are afflicted with vampirism and can become a bat while bloodless.


Message History

The killer bee stings you.
Aiming: Throw Flame
Press: ? - help, Q - select action, (/) - cycle Shift-Dir - straight line, f - killer bee
Aim: a killer bee (43% to hit)
Okay, then.
The killer bee stings you.
You closely miss the killer bee. The killer bee stings you.
You closely miss the orc. The killer bee closely misses you.
An ufetubus comes into view.
The killer bee stings you.
Found a dented soapstone amulet.
The killer bee stings you. x2
* * * LOW HITPOINT WARNING * * *
Unknown command.
The killer bee stings you but does no damage.
The killer bee stings you but does no damage.
The killer bee barely misses you. The killer bee barely misses you.
The killer bee stings you but does no damage.
The killer bee stings you.
* * * LOW HITPOINT WARNING * * *
The killer bee stings you but does no damage.
You see here an amulet of magic regeneration.
y - an amulet of magic regeneration The killer bee barely misses you. x2
Okay, then.
You fail to use your ability.
The killer bee closely misses you. The killer bee barely misses you.
You turn into a vampire bat.
Your +2 dagger of speed melds into your body.
Your +0 cloak melds into your body.
Your +0 helmet melds into your body.
Your +0 leather armour melds into your body.
Your +4 ring of protection melds into your body.
You feel weakened.
You feel dopey.
You feel clumsy. The killer bee stings you!
* * * LOW HITPOINT WARNING * * *
The killer bee barely misses you. The killer bee misses you.
There is a stone staircase leading up here.
The killer bee misses you. The killer bee stings you.
You die...

.#.##.o#####..##.....
..............# #.....
#.#.......##### #.....
l#...#..##o## #.....
......###..#########.P
##.#####........# #..
# ...##........# #..
#.##........# #..
#by#........####..
##..##########...#
#####.##### #.###
#.........# #.#
#.........######.#
#................#
##################


You could see a killer bee.

Vanquished Creatures
  Eustachio (D:4)
  Duvessa (D:4)
  A sky beast (D:3)
  A scorpion (D:3)
  Dowan (D:4)
  A jelly (D:4)
  Ijyb (D:4)
  Crazy Yiuf (D:2)
  Natasha (thrice) (D:2)
  Robin (D:2)
  3 gnolls (D:2)
  2 adders (D:3)
  2 worms
  3 orcs
  3 endoplasms
  18 goblins
  5 hobgoblins
  6 jackals
  8 kobolds
  4 quokkas
  8 ball pythons
  7 bats
  5 rats
86 creatures vanquished.

Notes
Turn   | Place    | Note
-------+----------+-------------------------------------------
     0 | D:1      | Destapler the Vampire Brigand began the quest for the Orb.
     0 | D:1      | Reached XP level 1. HP: 16/16 MP: 1/1
   271 | D:1      | Reached XP level 2. HP: 17/17 MP: 2/2
   977 | D:2      | Noticed Robin
  1006 | D:2      | Reached skill level 6 in Stealth
  1209 | D:2      | Gained mutation: You are afflicted with vampirism and can
                  | become a bat while bloodless. [Vampire growth]
  1209 | D:2      | Reached XP level 3. HP: 21/21 MP: 3/3
  1309 | D:2      | Noticed Natasha
  1317 | D:2      | Killed Natasha
  1526 | D:2      | Reached XP level 4. HP: 10/26 MP: 4/4
  1853 | D:2      | Reached skill level 1 in Invocations
  1883 | D:2      | Noticed Natasha
  1920 | D:2      | Killed Natasha
  1921 | D:2      | Reached skill level 1 in Shields
  1943 | D:2      | Reached skill level 1 in Evocations
  2020 | D:2      | Killed Robin
  2021 | D:2      | Reached skill level 1 in Armour
  2035 | D:2      | Noticed Natasha
  2050 | D:2      | Killed Natasha
  2051 | D:2      | Reached XP level 5. HP: 24/30 MP: 5/5
  2180 | D:2      | Found a runed translucent door.
  2181 | D:2      | Noticed Crazy Yiuf
  2452 | D:2      | Killed Crazy Yiuf
  2915 | D:3      | Found a faded altar of an unknown god.
  3037 | D:3      | Noticed a sky beast
  3046 | D:3      | Killed a sky beast
  3047 | D:3      | Reached XP level 6. HP: 36/36 MP: 5/7
  3245 | D:4      | Found an opulent altar of Gozag.
  3263 | D:4      | Noticed Eustachio
  3565 | D:4      | Killed Eustachio
  3566 | D:4      | Reached XP level 7. HP: 15/40 MP: 8/8
  3830 | D:4      | Noticed Duvessa
  3832 | D:4      | Noticed Dowan
  3838 | D:4      | Killed Duvessa
  3839 | D:4      | Reached skill level 7 in Stealth
  3856 | D:4      | Killed Dowan
  4132 | D:4      | Noticed Ijyb
  4147 | D:4      | Killed Ijyb
  4148 | D:4      | Reached skill level 5 in Short Blades
  4183 | D:4      | Slain by a killer bee

Illustrated notes

Levels and vault maps discovered:
D:1:      wheals_arrival_linesprint, layout_basic
D:2:      layout_basic, kennysheep_generic_room_6, uniq_natasha, uniq_robin,
          uniq_crazy_yiuf_cottage
D:3:      minmay_razor_zed, layout_rooms, chequers_ecumenical_altar_twisty,
          serial_corexii_hall, chequers_hall_statues_y, corexii_hall_statues_t
D:4:      layout_rooms, mainiacjoe_overflow_tiny_flanked,
          nicolae_specific_store, uniq_eustachio, uniq_ijyb, uniq_duvessa

Skill      XL: |  1  2  3  4  5  6  7 |
---------------+----------------------+-----
Stealth        | 6 7 |  7.0
Fighting       | 2 3 |  3.0
Short Blades   | 3 4 5 |  5.0
Invocations    | 1 2 |  2.0
Throwing       | 2 |  2.0
Dodging        | 2 3 |  3.0
Shields        | 1 2 |  2.3
Evocations     | 1 2 |  2.0
Armour         | 1 2 |  2.0

Action                   |  1- 3 |  4- 6 |  7- 9 || total
-------------------------+-------+-------+-------++-------
Melee: Dagger            |    68 |   144 |    30 ||   242
       Bite              |     7 |    14 |     4 ||    25
Throw: Dart              |     7 |    25 |     5 ||    37
       Throwing net      |       |     2 |       ||     2
 Abil: Exsanguinate      |     1 |       |       ||     1
       Bat Form          |       |     1 |     1 ||     2
       End Transformatio |       |     1 |       ||     1
 Stab: Sleeping          |    17 |    14 |     2 ||    33
       Distracted        |       |     1 |       ||     1
Armor: Robe              |     4 |       |       ||     4
       Leather armour    |    17 |    58 |    12 ||    87
Dodge: Dodged            |    27 |    83 |    20 ||   130
